 Dungeon Crawl Stone Soup version 0.30.0-30-g96aa6591b8 (webtiles) character file.

Game seed: 8859942084336310808

27 ces the Chopper (level 2, -1/24 HPs)
             Began as a Demonspawn Fighter on June 26, 2023.
             Slain by Terence
             ... wielding a +1 mace of protection
              (9 damage)
             ... on level 2 of the Dungeon.
             The game lasted 00:02:09 (881 turns).

ces the Chopper (Demonspawn Fighter)                 Turns: 881, Time: 00:02:09

Health: -1/24      AC:  6    Str: 16    XL:     2   Next: 93%
Magic:  2/2        EV:  8    Int:  9    God:
Gold:   81         SH:  4    Dex: 12    Spells: 1/1 levels left

rFire   . . .        a - +0 war axe
rCold   . . .        c - +0 buckler
rNeg    . . .        b - +0 scale mail
rPois   .            (no helmet)
rElec   .            (no cloak)
rCorr   .            (no gloves)
SInv    .            (no boots)
Will    .....        (no amulet) Stlth
                     (no ring)
HPRegen 0.24/turn    (no ring)
MPRegen 0.08/turn

%: no passive effects
@: no status effects
A: demonic guardian 1
a: no special abilities


You were on level 2 of the Dungeon.
You visited 1 branch of the dungeon, and saw 2 of its levels.

You collected 81 gold pieces.

Inventory:

Hand Weapons
 a - a +0 war axe (weapon)
Armour
 b - a +0 scale mail (worn)
 c - a +0 buckler (worn)
Scrolls
 e - a scroll of enchant weapon {unknown}
 g - 3 scrolls of teleportation {unknown}
 i - 7 scrolls of identify {unknown}
 l - a scroll of vulnerability {unknown}
 n - a scroll of immolation {unknown}
Potions
 d - 2 potions of might
 f - a potion of heal wounds {unknown}
 h - a potion of haste {unknown}
 j - a potion of cancellation {unknown}
 k - a potion of curing {unknown}
 m - a potion of mutation {unknown}


   Skills:
 - Level 3.0 Fighting
 * Level 3.1 Axes
 - Level 2.6 Armour
 - Level 2.6 Shields


You had one spell level left.
You didn't know any spells.
Your spell library was empty.

Dungeon Overview and Level Annotations

Branches:
Dungeon (2/15)

Altars:

Shops:
D:2 [

Annotations:
D:2 Terence


Innate Abilities, Weirdness & Mutations

A weak demonic guardian rushes to your aid.


Message History

No target in view!
No target in view!
A jackal comes into view.
There is an open door here.
A jackal comes into view.
The jackal barks!
The jackal moves out of view.
A jackal comes into view.
The jackal barely misses you.
You hit the jackal.
The jackal is severely wounded.
The jackal bites you but does no damage.
You block the jackal's attack.
You slash the jackal!
You kill the jackal!
Terence the Incautious comes into view.
He is wielding a +1 mace of protection.
You slash the jackal!
You kill the jackal!
You completely miss the jackal. The jackal bites you. x2
You barely miss Terence. You barely miss the jackal. The jackal bites you.
Terence closely misses you. The jackal bites you. Terence closely misses you.
You hit Terence but do no damage. You hit the jackal. The jackal bites you.
The jackal barely misses you.
Terence hits you with a +1 mace of protection.
You barely miss the jackal.
The jackal is lightly wounded.
You hit Terence but do no damage. You block the jackal's attack.
Terence closely misses you. The jackal bites you.
You slash the jackal!
You kill the jackal!
You hit Terence but do no damage. Terence hits you but does no damage. x2
You completely miss Terence.
Terence hits you with a +1 mace of protection!
* * * LOW HITPOINT WARNING * * *
You are too injured to fight recklessly!
Terence attacks as you move away! Terence closely misses you.
Terence attacks as you move away! You block Terence's attack.
Terence attacks as you move away!
Terence hits you with a +1 mace of protection!
You die...

#.#.#.#........#
#.....†........#
####......##.#
#......#####.#
#......'.....#
#......#######
#......#
#@$....#
#@.....#
#.###### #.# #.#
..# .## #


You could see Terence.

Vanquished Creatures
  2 dart slugs
  An orc (D:2)
  4 ball pythons
  2 bats (D:1)
  2 giant cockroaches (D:1)
  A goblin (D:2)
  2 hobgoblins (D:1)
  3 jackals (D:2)
  2 rats
19 creatures vanquished.

Vanquished Creatures (collateral kills)
  A quokka (D:2)
1 creature vanquished.

Grand Total: 20 creatures vanquished

Notes
Turn   | Place    | Note
-------+----------+-------------------------------------------
     0 | D:1      | ces the Demonspawn Fighter began the quest for the Orb.
     0 | D:1      | Reached XP level 1. HP: 18/18 MP: 1/1
   234 | D:1      | Gained mutation: A weak demonic guardian rushes to your
                  | aid. [demonic ancestry]
   234 | D:1      | Reached XP level 2. HP: 21/24 MP: 2/2
   794 | D:2      | Found Mouluaf's Armour Emporium.
   867 | D:2      | Noticed Terence
   881 | D:2      | Slain by Terence

Illustrated notes

Levels and vault maps discovered:
D:1:      mrwooster_arrival_statue, layout_basic
D:2:      layout_basic, serial_shops, nicolae_shop_peninsula, shop,
          nicolae_shop_mannequins, shop, uniq_terence, uniq_robin

Skill      XL: |  1  2 |
---------------+-------+-----
Axes           | 2 3 |  3.1
Fighting       | |  3.0
Armour         | |  2.6
Shields        | |  2.6

Action                     || total
---------------------------++-------
  Melee: War axe           ||    51
 Armour: Scale mail        ||    26
  Dodge: Dodged            ||    20
  Block: Buckler           ||    11
